 Dungeon Crawl Stone Soup version 0.31-a0-441-g867994ef1c (webtiles) character file.

Game seed: 11350854139138402692

1505334 Midn8 the Metallomancer (level 27, 220/224 HPs)
             Began as a Human Earth Elementalist on Aug 2, 2023.
             Was the Champion of Vehumet.
             Escaped with the Orb
             ... and 3 runes on Aug 3, 2023!
             The game lasted 04:01:38 (83473 turns).

Midn8 the Metallomancer (Human Earth Elementalist) Turns: 83473, Time: 04:01:38

Health: 220/224    AC: 26    Str: 12    XL:     27
Magic:  36/48      EV: 28    Int: 35    God:    Vehumet [******]
Gold:   4331       SH: 15    Dex: 28    Spells: 20/58 levels left

rFire   + . .        s - staff of earth
rCold   + + .        w - +3 buckler {AC+3}
rNeg    . . .        d - +4 moon troll leather armour {Spirit, Regen++ MP+5}
rPois   +            h - +2 helmet
rElec   +            M - +2 cloak of Xef Virr {rCorr Int+3 Stlth+}
rCorr   +            E - +2 pair of gloves {Dex+3}
SInv    .            S - +2 pair of boots "Evve" {Will+}
Will    +++..        g - amulet "Doagaenk" {Reflect rC+ SH+5}
Stlth   ++           F - ring "Piasa" {rF+ Str+3 Dex+6}
HPRegen 2.17/turn    p - ring of Daettibut {rElec rPois Int+6 Dex+2 Slay-4}
MPRegen 0.31/turn

%: reflection, guardian spirit
@: studying 2 skills
A: cold resistance 1, mutation resistance 1, inability to read after injury 1
0: Orb of Zot
}: 3/15 runes: decaying, serpentine, silver
a: Renounce Religion


You escaped.
You worshipped Vehumet.
Vehumet was exalted by your worship.
You visited 11 branches of the dungeon, and saw 49 of its levels.
You also visited: Trove, Ossuary, Bailey, Ice Cave, Volcano, Wizlab and Desolation.

You collected 7087 gold pieces.
You spent 2756 gold pieces at shops.

Inventory:

Missiles
 R - 4 throwing nets
 W - 6 curare-tipped darts
Armour
 d - the +4 moon troll leather armour (worn) {Spirit, Regen++ MP+5}
   (You found it in a treasure trove)

   MP:        It affects your magic capacity (+5).
   Regen:     It increases your rate of health regeneration.
 h - a +2 helmet (worn)
 w - a +3 buckler of protection (worn)
 E - a +2 pair of gloves of dexterity (worn)
 M - the +2 cloak of Xef Virr (worn) {rCorr Int+3 Stlth+}
   (You found it in a bailey)

   Int:       It affects your intelligence (+3).
   rCorr:     It protects you from acid and corrosion.
   Stlth:     It makes you more stealthy.
 S - the +2 pair of boots "Evve" (worn) {Will+}
   (You bought it in a shop on level 4 of the Snake Pit)

   Will:      It increases your willpower.
 U - an orb of energy
Magical Staves
 s - a staff of earth (weapon)
 u - a staff of conjuration
Jewellery
 g - the amulet "Doagaenk" (around neck) {Reflect rC+ SH+5}
   (You took it off a gnoll on level 8 of the Dungeon)

   [amulet of reflection]

   It reflects blocked missile attacks.
   rC:        It protects you from cold.
   SH:        It affects your SH (+5).
 p - the ring of Daettibut (right hand) {rElec rPois Int+6 Dex+2 Slay-4}
   (You bought it in a shop on level 2 of the Depths)

   [ring of intelligence]

   Int:       It affects your intelligence (+6).
   Dex:       It affects your dexterity (+2).
   Slay:      It affects your accuracy & damage with ranged weapons and melee
   (-4).
   rElec:     It insulates you from electricity.
   rPois:     It protects you from poison.
 q - a ring of see invisible
 F - the ring "Piasa" (left hand) {rF+ Str+3 Dex+6}
   (You found it in the Desolation of Salt)

   [ring of dexterity]

   Str:       It affects your strength (+3).
   Dex:       It affects your dexterity (+6).
   rF:        It protects you from fire.
 K - a ring of wizardry
Wands
 r - a wand of flame (109)
 y - a wand of mindburst (38)
 A - a wand of acid (38)
 G - a wand of roots (35)
 H - a wand of charming (29)
 P - a wand of polymorph (24)
 X - a wand of digging (28)
Scrolls
 c - 20 scrolls of teleportation
 f - 6 scrolls of brand weapon
 j - 5 scrolls of revelation
 l - 7 scrolls of vulnerability
 n - 9 scrolls of fear
 o - 2 scrolls of silence
 v - 5 scrolls of poison
 x - 6 scrolls of blinking
 B - 7 scrolls of enchant weapon
 J - 2 scrolls of fog
 Q - 27 scrolls of identify
Potions
 b - 7 potions of magic
 e - 9 potions of haste
 i - a potion of invisibility
 k - 3 potions of berserk rage
 m - 4 potions of brilliance
 t - 6 potions of resistance
 z - 2 potions of mutation
 C - 15 potions of attraction
 D - 8 potions of might
 I - 8 potions of enlightenment
 N - 2 potions of ambrosia
 Y - 19 potions of curing
 Z - 7 potions of heal wounds
Miscellaneous
 a - a tin of tremorstones (2/2)
 L - a sack of spiders
 O - a phantom mirror
 T - a phial of floods
 V - a lightning rod (4/4)


   Skills:
 + Level 20.0 Fighting
 - Level 6.0 Staves
 - Level 8.5 Armour
 - Level 17.0 Dodging
 - Level 2.0 Stealth
 - Level 5.0 Shields
 - Level 16.0 Spellcasting
 - Level 17.0 Conjurations
 - Level 11.0 Summonings
 - Level 4.0 Translocations
 - Level 1.0 Transmutations
 - Level 11.1 Fire Magic
 - Level 11.0 Air Magic
 - Level 23.0 Earth Magic
 - Level 12.0 Evocations


You had 20 spell levels left.
You knew the following spells:

 Your Spells              Type           Power      Damage    Failure   Level
c - Lehudib's Crystal Sp  Conj/Erth      64%        10d15     1%          8
e - Plasma Beam           Fire/Air       40%        2x1d54    1%          6
r - Leda's Unmaking       Conj/Erth      64%        9d11      1%          6
s - Shatter               Erth           68%        3d50*     5%          9
v - Spellforged Servitor  Conj/Summ      45%        N/A       1%          7
B - Blink                 Tloc           100%       N/A       1%          2

Your spell library contained the following spells:

 Spells                   Type           Power      Damage    Failure   Level
 Maxwell's Capacitive Co  Air            40%        ∞         36%         8
 Chain Lightning          Conj/Air       45%        3d60      83%         9
 Magic Dart               Conj           100%       1d8       0%          1
 Sandblast                Erth           100%       2d20      0%          1
 Shock                    Conj/Air       100%       1d9       0%          1
 Searing Ray              Conj           100%       2d8       0%          2
 Stone Arrow              Conj/Erth      100%       3d13      0%          3
 Lee's Rapid Deconstruct  Erth           68%        3d31*     0%          5
 Freeze                   Ice            100%       1d10      1%          1
 Kiss of Death            Conj/Necr      100%       2d13      1%          1
 Sting                    Tmut/Pois      100%       1d8       1%          1
 Call Imp                 Summ           100%       N/A       1%          2
 Cigotuvi's Dreadful Rot  Necr/Pois/Air  100%       N/A       1%          2
 Lesser Beckoning         Tloc           100%       N/A       1%          2
 Momentum Strike          Conj/Tloc      100%       3d10      1%          2
 Passwall                 Tmut/Erth      88%        N/A       1%          2
 Poisonous Vapours        Pois/Air       100%       N/A       1%          2
 Scorch                   Fire           100%       2d9       1%          2
 Dazzling Flash           Conj/Hex       100%       N/A       1%          3
 Frozen Ramparts          Ice            56%        1d9       1%          3
 Gell's Gravitas          Tloc           54%        N/A       1%          3
 Hailstorm                Conj/Ice       72%        3d15      1%          3
 Ignite Poison            Fire/Tmut/Pois 54%        N/A       1%          3
 Inner Flame              Hex/Fire       61%        N/A       1%          3
 Mephitic Cloud           Conj/Pois/Air  75%        N/A       1%          3
 Summon Guardian Golem    Hex/Summ       61%        N/A       1%          3
 Swiftness                Air            81%        N/A       1%          3
 Teleport Other           Tloc           54%        N/A       1%          3
 Volatile Blastmotes      Fire/Tloc      100%       2d18      1%          3
 Airstrike                Air            40%        2d(6-22)  1%          4
 Animate Armour           Summ/Erth      100%       N/A       1%          4
 Flame Wave               Conj/Fire      91%        2d19      1%          4
 Fulminant Prism          Conj/Hex       36%        3d17      1%          4
 Leda's Liquefaction      Hex/Erth       52%        N/A       1%          4
 Petrify                  Tmut/Erth      100%       N/A       1%          4
 Sticky Flame             Conj/Fire      91%        2d10      1%          4
 Borgnjor's Vile Clutch   Necr/Erth      52%        N/A       1%          5
 Fireball                 Conj/Fire      45%        3d18      1%          5
 Freezing Cloud           Conj/Ice/Air   37%        6-21      1%          5
 Irradiate                Conj/Tmut      37%        3d24      1%          5
 Iskenderun's Battlesphe  Conj           98%        2d14      1%          5
 Orb of Destruction       Conj           49%        9d13      1%          7
 Necrotise                Necr           100%       1d9       2%          1
 Slow                     Hex            100%       N/A       2%          1
 Wereblood                Tmut           35%        N/A       2%          2
 Ensorcelled Hibernation  Hex/Ice        56%        N/A       3%          2
 Sublimation of Blood     Necr           28%        N/A       3%          2
 Manifold Assault         Tloc           54%        N/A       4%          4
 Passage of Golubria      Tloc           54%        N/A       4%          4
 Olgreb's Toxic Radiance  Pois           28%        N/A       6%          4
 Silence                  Hex/Air        30%        N/A       6%          5
 Confusing Touch          Hex            28%        N/A       7%          3
 Ozocubu's Armour         Ice            28%        N/A       7%          3
 Tukima's Dance           Hex            28%        N/A       7%          3
 Vampiric Draining        Necr           28%        2d8       7%          3
 Yara's Violent Unravell  Hex/Tmut       15%        3d8       13%         5
 Summon Hydra             Summ           40%        N/A       21%         7
 Anguish                  Hex/Necr       14%        N/A       22%         4
 Animate Dead             Necr           28%        N/A       22%         4
 Cause Fear               Hex            14%        N/A       22%         4
 Dispel Undead            Necr           28%        3d13      22%         4
 Ignition                 Fire           41%        3d12      36%         8
 Alistair's Intoxication  Tmut/Pois      20%        N/A       45%         5
 Agony                    Necr           28%        N/A       52%         5
 Metabolic Englaciation   Hex/Ice        14%        N/A       52%         5
 Dispersal                Tloc           27%        N/A       54%         6
 Eringya's Noxious Bog    Tmut/Pois      15%        4d6       54%         6
 Malign Gateway           Summ/Tloc      34%        N/A       65%         7
 Fire Storm               Conj/Fire      45%        8d12      83%         9
 Summon Horrible Things   Summ           40%        N/A       85%         8
 Haunt                    Necr/Summ      30%        N/A       89%         7
 Death Channel            Necr           14%        N/A       98%         6
 Ozocubu's Refrigeration  Ice            14%        4d10      98%         7
 Enfeeble                 Hex            14%        N/A       100%        7
 Disjunction              Tloc           27%        N/A       100%        8
 Infestation              Necr           14%        N/A       100%        8
 Polar Vortex             Ice            14%        12d1*     100%        9


Dungeon Overview and Level Annotations

Branches:
Dungeon (15/15)            Temple (1/1) D:4            Lair (5/5) D:10
  Swamp (4/4) Lair:2        Snake (4/4) Lair:2        Slime (0/5) Lair:5
    Orc (2/2) D:12            Elf (3/3) Orc:2        Vaults (5/5) D:13
  Crypt (0/3) Vaults:2     Depths (4/4) D:15           Hell (visited)
    Dis (0/7) Hell            Geh (0/7) Hell            Coc (0/7) Hell
    Tar (0/7) Hell            Zot (5/5) Depths:4    Ossuary (visited)
 Bailey (visited)           IceCv (visited)         Volcano (visited)
 WizLab (visited)         Desolation (visited)

Altars:
Ashenzari
Cheibriados
Dithmenos
Elyvilon
Fedhas
Gozag
Hepliaklqana
Kikubaaqudgha
Makhleb
Nemelex Xobeh
Okawaru
Qazlal
Ru
Sif Muna
Trog
Uskayaw
Vehumet
Wu Jian
Xom
Yredelemnul
Zin
The Shining One
Jiyva

Shops:
Orc:2 (*[(?*   Elf:1 :   Elf:3 (   Snake:4 *   Vaults:1 *   Vaults:4 *
Depths:2 :==

Portals:
Hell: Depths:1 Depths:2 Depths:3 Depths:4
Abyss: Depths:3 Depths:4
Pandemonium: Depths:1 Depths:2
Ziggurat: Depths:3

Annotations:
D:10 exclusions: kobold and 2 kobold brigands
D:11 2 transporters
Orc:2 2 transporters, Shard1697's ghost, journeyman HuFi
Elf:2 8 runed translucent doors, Teqapn's ghost, veteran FoMo
Zot:5 1 exclusion


Innate Abilities, Weirdness & Mutations

Your flesh is cold resistant. (rC+)
You are somewhat resistant to further mutation.
You occasionally lose the ability to read scrolls when taking damage.


Message History

Casting: Lehudib's Crystal Spear (mildly dangerous; 1% risk of failure)
Confirm with . or Enter, or press ? or * to list all spells.
Aiming: Lehudib's Crystal Spear (mildly dangerous; 1% risk of failure)
Press: ? - help, Shift-Dir - straight line, f - Orb Guardian
Aim: an Orb Guardian (78% to hit)
You feel a surge of power!
The crystal spear hits the Orb Guardian!!!!
The Orb Guardian is almost dead.
Unknown command.
Casting: Lehudib's Crystal Spear (mildly dangerous; 1% risk of failure)
Confirm with . or Enter, or press ? or * to list all spells.
Aiming: Lehudib's Crystal Spear (mildly dangerous; 1% risk of failure)
Press: ? - help, Shift-Dir - straight line, f/p - Orb Guardian
Aim: an Orb Guardian (almost dead, 78% to hit)
You feel a surge of power!
The crystal spear hits the Orb Guardian!!!
You kill the Orb Guardian!
Vehumet accepts your kill.
You feel your power returning.
Training target 17.0 for Dodging reached!
Your Dodging skill increases to level 17!
You need to enable at least one skill for training.
Casting: Lehudib's Crystal Spear (mildly dangerous; 1% risk of failure)
Confirm with . or Enter, or press ? or * to list all spells.
Aiming: Lehudib's Crystal Spear (mildly dangerous; 1% risk of failure)
Press: ? - help, Shift-Dir - straight line, f - great orb of eyes
Aim: a great orb of eyes (98% to hit)
You feel a surge of power!
The crystal spear hits the great orb of eyes!!!!
You kill the great orb of eyes!
Vehumet accepts your kill.
You feel your power returning.
A sun demon comes into view.
A blizzard demon comes into view.
The blizzard demon gestures at you. The bolt of lightning hits you! You resist.
The blizzard demon gestures at you. The bolt of lightning misses you.
There is a staircase leading out of the dungeon here.
You have escaped!

#....##.##########..# #.#
####.##.##.....†....## #.#
#.##.##.#########.####.####### #
##..3.#..##..#####.....#..†....
.##..#.....##..##....#.#..####...
...........##.###......#.#####.##
#........#.##..##....###.......##
#........#.##..#.....# ##########
#............3..@....# ##
...........#.........### ##.
#......#...............# #.#
##>............#.....#.# ##.
#..............2.......# ##
.............#...###.#.## #
...#...#...#.##...##)...#######
.....###..##.###..#...#.......#
#...## ...# ## ..#.#...#####.#


You could see a blizzard demon and a sun demon.

Vanquished Creatures
  6 dread liches
  2 ancient liches
  Mara (Vaults:5)
  5 orbs of fire (Zot:5)
  Parghit (Zot:1)
  Margery (Vaults:2)
  3 Killer Klowns (Zot:5)
  Bai Suzhen (Vaults:2)
  2 curse toes
  Geryon (Hell)
  2 caustic shrikes (Depths:2)
  3 golden dragons
  Jorgrun (Swamp:1)
  A hellephant (Hell)
  2 electric golems
  10 tentacled monstrosities
  14 Orb Guardians
  Zenata (Vaults:1)
  A Hell Sentinel (Depths:1)
  Rupert (Lair:3)
  A walking crystal tome (WizLab)
  4 liches
  3 titans (Vaults:5)
  6 death cobs
  A quicksilver dragon (Zot:2)
  2 deep elf master archers (Elf:3)
  2 deep elf blademasters (Elf:3)
  4 sphinxes
  Kirke (Snake:3)
  2 thorn hunters (Swamp:4)
  Frances (Swamp:2)
  6 storm dragons
  5 shadow dragons
  8 draconian monks
  5 tengu reavers
  Aizul (Snake:4)
  6 frost giants
  Roxanne (Swamp:1)
  7 nagarajas
  8 vault wardens
  5 fire giants
  2 balrugs
  An orc warlord (Vaults:4)
  2 draconian scorchers
  3 draconian knights
  5 iron dragons
  5 deep elf sorcerers
  A caustic shrike zombie (Hell)
  2 juggernaut zombies (Hell)
  2 draconian shifters
  A ghost moth (Zot:5)
  4 deep elf elementalists (Elf:3)
  A quicksilver ooze (shapeshifter) (Vaults:5)
  12 ironbound preservers
  3 spriggan defenders (Depths:3)
  3 draconian annihilators
  3 war gargoyles
  3 reapers (Hell)
  13 stone giants
  4 ironbound thunderhulks
  2 formless jellyfish
  13 very ugly things
  5 eleionomae
  9 purple draconians
  2 vampire knights (Depths:3)
  4 white draconians
  6 deep elf demonologists
  9 green draconians
  5 yellow draconians
  3 black draconians
  3 bunyips
  3 dire elephants (Vaults:2)
  10 deep elf annihilators (Elf:3)
  5 red draconians
  10 deep elf death magi
  Snorg (Orc:1)
  4 crystal guardians
  2 blizzard demons (Hell)
  A jiangshi (Vaults:2)
  5 ettins
  Josephine (Lair:3)
  5 yaktaur captains
  7 fire dragons
  2 ragged hierophants (Desolation)
  A kraken zombie (Hell)
  Fannar (Lair:3)
  A great orb of eyes (D:1)
  22 hydras
  6 deep elf high priests
  2 salamander tyrants
  29 vault guards
  3 peacekeepers
  6 rakshasas (WizLab)
  5 ice dragons
  6 servants of whispers (Desolation)
  A hydra (shapeshifter) (Vaults:5)
  4 ironbound frosthearts
  5 boulder beetles
  Harold (Lair:1)
  2 ghost crabs
  4 spriggan air magi
  4 catoblepae
  A caustic shrike simulacrum (IceCv)
  6 centaur warriors
  6 ogre magi
  5 anacondas
  15 dancing weapons
  5 deep troll shamans
  A two-headed ogre (shapeshifter) (Vaults:5)
  3 death yaks
  19 naga warriors
  23 two-headed ogres
  12 alligators
  A vampire mage (Hell)
  10 hell hogs
  2 deep troll earth magi
  4 tengu warriors
  10 shock serpents
  7 naga sharpshooters
  8 hell knights
  A shock serpent (shapeshifter) (Vaults:5)
  10 sun demons
  8 soul eaters
  A fire crab (shapeshifter) (Depths:4)
  3 skysharks
  16 deep elf knights
  4 salamander mystics (Snake:4)
  2 anaconda zombies (Hell)
  4 iron trolls (Depths:3)
  2 goliath frogs (Swamp:3)
  8 spriggan simulacra (IceCv)
  3 spriggan druids
  20 swamp dragons
  3 glowing orange brains
  A flayed ghost (Vaults:5)
  10 deep elf archers
  33 deep trolls
  9 phantasmal warriors
  An obsidian statue (IceCv)
  8 lindwurms
  5 bog bodies
  9 wizards
  A sphinx zombie (Hell)
  12 ironbound convokers
  A wolf spider (shapeshifter) (Vaults:5)
  7 orc knights
  A tengu zombie (Hell)
  23 deep elf pyromancers
  19 deep elf zephyrmancers
  An iron dragon zombie (Hell)
  4 mana vipers
  2 stone giant zombies (Hell)
  A fire giant zombie (Hell)
  2 wolf spiders (Lair:5)
  23 ugly things
  5 cyclopes
  22 salamanders
  A manticore (D:13)
  9 rust devils (Hell)
  6 will-o-the-wisps
  28 black mambas
  10 vault sentinels
  2 nameless horrors
  4 ice statues
  11 guardian serpents
  11 moths of wrath
  10 naga magi
  2 molten gargoyles (Volcano)
  14 elephants
  3 torpor snails
  5 gargoyles
  13 cane toads
  3 smoke demons
  An orange demon (Depths:1)
  A cane toad (shapeshifter) (Vaults:5)
  2 sea snake zombies (Hell)
  10 freezing wraiths
  18 yaktaurs
  A tormentor (Zot:5)
  Psyche (D:12)
  5 rime drakes
  5 ice devils (IceCv)
  2 kobold demonologists
  7 komodo dragons
  3 tengu conjurers
  2 anaconda simulacra
  A red devil (Zot:1)
  A golden dragon simulacrum (IceCv)
  3 tyrant leeches
  2 polar bears
  20 trolls
  30 saltlings (Desolation)
  An ettin zombie (Hell)
  2 hydra zombies (Swamp:1)
  13 hornets
  14 blink frogs
  11 dream sheep
  4 spriggan zombies (Hell)
  19 slime creatures
  2 air elementals
  7 wraiths
  A vampire (D:11)
  20 spriggans
  2 dire elephant simulacra (IceCv)
  4 shadows
  8 wyverns
  31 yaks
  A fire bat (Volcano)
  3 ynoxinuls (D:12)
  Grum (D:10)
  5 water elementals
  4 fire elementals
  A hog (Snake:4)
  8 minotaur simulacra (IceCv)
  2 sea snake simulacra (Hell)
  3 basilisks
  2 steam dragons
  A redback (Vaults:3)
  10 vampire mosquitoes
  2 wargs
  18 swamp worms
  48 nagas
  2 floating eyes (shapeshifter) (Vaults:5)
  2 acid dragons
  A hydra simulacrum (Hell)
  12 water moccasins
  2 floating eyes
  10 swamp drakes
  2 ettin simulacra (IceCv)
  A sky beast (D:6)
  7 black bears
  18 orc warriors
  3 alligator simulacra (IceCv)
  48 wolves
  8 boggarts
  A wolf (shapeshifter) (Elf:1)
  24 ogres
  4 centaurs (D:11)
  Blork the orc (D:5)
  A kobold brigand (D:8)
  3 elf zombies (Ossuary)
  7 deep troll simulacra (IceCv)
  2 earth elementals (Elf:1)
  14 bullfrogs
  9 wights
  6 killer bees (D:9)
  2 lindwurm simulacra (IceCv)
  9 howler monkeys
  2 electric eels
  A gnoll bouda (D:8)
  A lava snake (Volcano)
  3 hounds
  2 jellies (D:5)
  7 orc priests
  13 orc wizards
  A sleepcap (D:6)
  2 iguanas
  A hell rat (Lair:5)
  2 lightning spires (Swamp:3)
  4 mummies
  5 gnolls (D:8)
  5 adders
  11 ufetubi
  2 adder zombies (Ossuary)
  3 dart slugs
  74 orcs
  4 ball pythons
  A ball python (shapeshifter) (Vaults:4)
  5 bats
  4 endoplasms
  8 giant cockroaches
  10 goblins
  5 hobgoblins
  5 jackals
  7 quokkas
  4 frilled lizards
  A goblin zombie (D:6)
  12 hobgoblin zombies
  3 jackal zombies (Ossuary)
  6 kobolds
  6 kobold zombies (Ossuary)
  8 orc zombies (Ossuary)
  2 rats
  4 rat zombies (Ossuary)
  A ball lightning (Swamp:3)
1780 creatures vanquished.

Vanquished Creatures (collateral kills)
  2 golden dragons
  2 caustic shrikes (Depths:2)
  A bone dragon (Depths:4)
  An electric golem (Zot:5)
  An Ice Fiend (IceCv)
  2 tentacled monstrosities
  9 Orb Guardians (Zot:5)
  2 walking crystal tomes
  A quicksilver dragon (Zot:5)
  A sphinx (Vaults:4)
  A storm dragon (Vaults:5)
  A shadow dragon (Zot:3)
  A tengu reaver (Vaults:3)
  2 nagarajas (Snake:4)
  A fire giant (Vaults:2)
  A frost giant (Depths:2)
  8 vault wardens
  4 imperial myrmidons (Desolation)
  7 ironbound preservers
  2 stone giants
  A green draconian (Zot:5)
  2 ironbound thunderhulks (Vaults:2)
  4 black draconians
  2 white draconians
  A purple draconian (Zot:1)
  An ettin (Vaults:4)
  A blizzard demon (Depths:1)
  A crystal guardian (Desolation)
  2 entropy weavers
  5 fire dragons
  3 ragged hierophants (Desolation)
  5 yaktaur captains
  9 vault guards
  2 spriggan air magi
  3 peacekeepers
  6 rakshasas
  A jorogumo (shapeshifter) (Depths:3)
  5 servants of whispers (Desolation)
  2 ice dragons
  7 ironbound frosthearts
  3 centaur warriors
  6 dancing weapons
  A naga warrior (Snake:4)
  3 boulder beetles
  2 deep troll shamans
  2 tengu warriors (Depths:2)
  A soul eater (Depths:3)
  2 spriggan berserkers
  7 hell knights
  A sun demon (Depths:3)
  2 iron trolls (Depths:2)
  A skeletal warrior (Vaults:2)
  2 salamander mystics (Snake:4)
  23 deep trolls
  A flayed ghost (Depths:2)
  A naga ritualist (Snake:4)
  8 lindwurms
  2 deep elf pyromancers
  2 deep elf archers (Elf:2)
  An orc knight (Vaults:4)
  A necromancer (Depths:1)
  4 ironbound convokers
  5 deep elf zephyrmancers (Elf:2)
  A salamander (Snake:4)
  12 ugly things
  A shining eye (shapeshifter) (Depths:3)
  2 moths of wrath
  2 guardian serpents
  A guardian serpent (shapeshifter) (Depths:2)
  A black mamba (shapeshifter) (Elf:2)
  A smoke demon (Depths:1)
  7 vault sentinels
  11 yaktaurs
  A tengu conjurer (Depths:1)
  2 ice devils (IceCv)
  26 saltlings (Desolation)
  An air elemental (Elf:2)
  17 slime creatures
  A water elemental (Elf:2)
  A minotaur simulacrum (IceCv)
  A neqoxec (Depths:2)
  A harpy simulacrum (IceCv)
  3 nagas (Snake:4)
  A hydra simulacrum (IceCv)
  4 centaurs (D:15)
292 creatures vanquished.

Vanquished Creatures (others)
  A water elemental (Elf:1)
  2 humans (Snake:4)
  A floating eye (Depths:3)
  A ball lightning (Swamp:3)
  19 foxfires
  4 tentacles (Hell)
28 creatures vanquished.

Grand Total: 2100 creatures vanquished

Notes
Turn   | Place    | Note
-------+----------+-------------------------------------------
     0 | D:1      | Midn8 the Human Earth Elementalist began the quest for the
                  | Orb.
     0 | D:1      | Reached XP level 1. HP: 13/13 MP: 3/3
    62 | D:1      | Reached XP level 2. HP: 19/19 MP: 0/5
   472 | D:1      | Reached XP level 3. HP: 24/24 MP: 5/7
   685 | D:1      | Learned a level 3 spell: Stone Arrow
  1701 | D:2      | Reached XP level 4. HP: 30/30 MP: 6/9
  1783 | D:2      | Identified the +2 leather armour of the Nine Allies {Harm
                  | rElec Str-3 Slay+6}
  2863 | D:3      | Reached XP level 5. HP: 35/35 MP: 9/11
  3000 | D:4      | Noticed an ogre
  3126 | D:4      | Found a staircase to the Ecumenical Temple.
  3142 | Temple   | Entered the Ecumenical Temple
  3172 | Temple   | Became a worshipper of Vehumet
  3300 | D:4      | Reached skill level 4 in Earth Magic
  3561 | D:4      | Noticed a black bear
  3615 | D:5      | Entered Level 5 of the Dungeon
  3710 | D:4      | Reached XP level 6. HP: 24/41 MP: 10/12
  3812 | D:4      | Killed a black bear
  3813 | D:4      | Reached skill level 5 in Earth Magic
  3944 | D:5      | Reached XP level 7. HP: 46/46 MP: 6/13
  4475 | D:5      | Noticed Blork the orc
  4481 | D:5      | Killed Blork the orc
  4864 | D:6      | Reached * piety under Vehumet
  4864 | D:6      | Offered knowledge of Freeze by Vehumet.
  4865 | D:6      | Reached skill level 5 in Conjurations
  4885 | D:6      | Found a bloodstained altar of Trog.
  5048 | D:6      | Found a sand-covered staircase.
  5099 | Ossuary  | Entered an ossuary
  5345 | Ossuary  | Reached skill level 6 in Earth Magic
  5345 | Ossuary  | Reached XP level 8. HP: 52/52 MP: 6/14
  5568 | Ossuary  | Offered knowledge of Momentum Strike by Vehumet.
  5571 | Ossuary  | Reached ** piety under Vehumet
  5578 | Ossuary  | Reached skill level 7 in Earth Magic
  6516 | D:7      | Reached XP level 9. HP: 65/65 MP: 13/15
  6689 | D:7      | Reached skill level 8 in Earth Magic
  7248 | D:8      | Noticed a gargoyle
  7252 | D:8      | Killed a gargoyle
  7253 | D:8      | Reached skill level 9 in Earth Magic
  7387 | D:8      | Found a shimmering altar of Xom.
  7486 | D:8      | Found a snail-covered altar of Cheibriados.
  7792 | D:8      | Noticed a two-headed ogre
  7798 | D:8      | Killed a two-headed ogre
  7799 | D:8      | Reached XP level 10. HP: 71/71 MP: 9/16
  8038 | D:8      | Offered knowledge of Inner Flame by Vehumet.
  8104 | D:8      | Found a sacrificial altar of Ru.
  8142 | D:8      | Identified the amulet "Doagaenk" {Reflect rC+ SH+5}
  8263 | D:8      | Found a glowing silver altar of Zin.
  8444 | D:8      | Found a shadowy altar of Dithmenos.
  8640 | D:9      | Found an ancient bone altar of Kikubaaqudgha.
  8734 | D:9      | Noticed a kobold demonologist
  8736 | D:9      | Killed a kobold demonologist
  8737 | D:9      | Reached skill level 5 in Evocations
  8775 | D:9      | Reached skill level 5 in Fighting
  8804 | D:9      | Reached *** piety under Vehumet
  8896 | D:9      | Learned a level 2 spell: Blink
  9128 | D:9      | Offered knowledge of Sticky Flame by Vehumet.
  9170 | D:9      | Learned a level 4 spell: Sticky Flame
  9279 | D:9      | Reached skill level 5 in Spellcasting
  9442 | D:10     | Entered Level 10 of the Dungeon
  9456 | D:10     | Reached skill level 1 in Fire Magic
  9499 | D:10     | Noticed a kobold demonologist
  9505 | D:10     | Killed a kobold demonologist
  9663 | D:10     | Reached XP level 11. HP: 66/81 MP: 11/18
  9743 | D:10     | Found a flagged portal.
  9801 | Bailey   | Entered a bailey
  9944 | Bailey   | Reached **** piety under Vehumet
  9977 | Bailey   | Offered knowledge of Yara's Violent Unravelling by Vehumet.
 10044 | Bailey   | Noticed an orc knight
 10048 | Bailey   | Killed an orc knight
 10049 | Bailey   | Reached skill level 5 in Fire Magic
 10338 | Bailey   | Identified the +3 crystal plate armour of Neva {Harm
                  | Slay+3}
 10341 | Bailey   | Identified the +2 cloak of Xef Virr {rCorr Int+3 Stlth+}
 10402 | D:10     | Noticed Grum
 10821 | D:10     | Found a broken altar of Ashenzari.
 10935 | D:10     | Killed Grum
 10936 | D:10     | Found a staircase to the Lair.
 11267 | Lair:1   | Entered Level 1 of the Lair of Beasts
 11359 | Lair:1   | Noticed Harold
 11371 | Lair:1   | Killed Harold
 11779 | Lair:1   | Reached skill level 5 in Dodging
 11903 | Lair:1   | Reached XP level 12. HP: 91/91 MP: 5/22
 12269 | Lair:1   | Reached skill level 1 in Armour
 12417 | Lair:1   | Reached ***** piety under Vehumet
 12586 | Lair:1   | Offered knowledge of Flame Wave by Vehumet.
 12593 | Lair:1   | Reached skill level 5 in Armour
 12768 | Lair:1   | Learned a level 4 spell: Flame Wave
 13158 | Lair:2   | Found a staircase to the Swamp.
 13158 | Lair:2   | Noticed an eleionoma
 13167 | Lair:2   | Killed an eleionoma
 13435 | Lair:2   | Found a staircase to the Snake Pit.
 14146 | Lair:3   | Noticed Fannar
 14324 | Lair:3   | Noticed Rupert
 14409 | Lair:3   | Reached XP level 13. HP: 98/98 MP: 23/26
 15109 | Lair:3   | Noticed Josephine
 15129 | Lair:3   | Killed Josephine
 15339 | Lair:2   | Reached skill level 1 in Staves
 15619 | Lair:3   | Killed Rupert
 15808 | Lair:3   | Killed Fannar
 16479 | Lair:4   | Noticed a four-headed hydra
 16487 | Lair:4   | Killed a four-headed hydra
 16659 | Lair:4   | Found a dark tunnel.
 16667 | Volcano  | Entered a volcano
 16715 | Volcano  | Found a radiant altar of Vehumet.
 16715 | Volcano  | Noticed an ogre mage
 16727 | Volcano  | Killed an ogre mage
 16730 | Volcano  | Reached skill level 10 in Conjurations
 16790 | Volcano  | Noticed a red draconian
 16797 | Volcano  | Killed a red draconian
 16798 | Volcano  | Reached XP level 14. HP: 105/105 MP: 1/27
 16970 | Volcano  | Reached skill level 5 in Staves
 17830 | Lair:4   | Reached skill level 10 in Fire Magic
 18181 | Lair:4   | Gained mutation: You occasionally lose the ability to drink
                  | potions when taking damage. [potion of mutation]
 18182 | Lair:4   | Lost mutation: You occasionally lose the ability to drink
                  | potions when taking damage. [potion of mutation]
 18182 | Lair:4   | Gained mutation: You occasionally lose the ability to read
                  | scrolls when taking damage. [potion of mutation]
 18182 | Lair:4   | Gained mutation: You are strong-willed. (Will+) [potion of
                  | mutation]
 18182 | Lair:4   | Gained mutation: You expend magic power (3 MP) to
                  | strengthen your wands. [potion of mutation]
 18183 | Lair:4   | Lost mutation: You are strong-willed. (Will+) [potion of
                  | mutation]
 18183 | Lair:4   | Lost mutation: You expend magic power (3 MP) to strengthen
                  | your wands. [potion of mutation]
 18183 | Lair:4   | Gained mutation: You occasionally lose the ability to drink
                  | potions when taking damage. [potion of mutation]
 18183 | Lair:4   | Gained mutation: Your muscles are strong. (Str +4, Int/Dex
                  | -1) [potion of mutation]
 18184 | Lair:4   | Lost mutation: You occasionally lose the ability to drink
                  | potions when taking damage. [potion of mutation]
 18184 | Lair:4   | Lost mutation: Your muscles are strong. (Str +4, Int/Dex
                  | -1) [potion of mutation]
 18184 | Lair:4   | Gained mutation: You have large cloven feet. [potion of
                  | mutation]
 18184 | Lair:4   | Gained mutation: You are dopey. (Int -2) [potion of
                  | mutation]
 18911 | Lair:5   | Entered Level 5 of the Lair of Beasts
 19094 | Lair:5   | Reached skill level 10 in Fighting
 19188 | Lair:5   | Found a viscous altar of Jiyva.
 19189 | Lair:5   | Found a staircase to the Slime Pits.
 19459 | Lair:5   | Offered knowledge of Leda's Unmaking by Vehumet.
 19481 | Lair:5   | Learned a level 6 spell: Leda's Unmaking
 19634 | Lair:4   | Reached XP level 15. HP: 114/115 MP: 9/28
 20362 | Lair:5   | Reached skill level 10 in Earth Magic
 21579 | D:11     | Found a transporter.
 21594 | D:11     | Found a transporter.
 22226 | D:12     | Found a staircase to the Orcish Mines.
 22436 | D:12     | Identified a scroll of acquirement
 22437 | D:12     | Acquired a +6 ring of intelligence
 22580 | D:12     | Noticed Psyche
 22583 | D:12     | Killed Psyche
 22706 | D:12     | Reached skill level 11 in Earth Magic
 23406 | D:13     | Offered knowledge of Plasma Beam by Vehumet.
 23503 | D:13     | Learned a level 6 spell: Plasma Beam
 23588 | D:13     | Reached skill level 1 in Air Magic
 23683 | D:13     | Found an ancient bone altar of Kikubaaqudgha.
 23950 | D:13     | Found a gate to the Vaults.
 24950 | Orc:1    | Entered Level 1 of the Orcish Mines
 25110 | D:12     | Reached skill level 5 in Air Magic
 25260 | Orc:1    | Noticed Snorg
 25264 | Orc:1    | Killed Snorg
 25450 | Orc:2    | Entered Level 2 of the Orcish Mines
 25460 | Orc:2    | Found Homuiqaxt's Weapon Boutique.
 25474 | Orc:2    | Reached XP level 16. HP: 120/122 MP: 26/29
 25794 | Orc:2    | Found Duxoa's Magic Scroll Shoppe.
 25798 | Orc:2    | Found Losiz's General Store.
 25799 | Orc:2    | Found Bario's Antique Weapon Emporium.
 25834 | Orc:2    | Bought 3 scrolls of fog for 192 gold pieces
 25834 | Orc:2    | Bought a scroll of blinking for 120 gold pieces
 25834 | Orc:2    | Bought a scroll of teleportation for 48 gold pieces
 25876 | Orc:2    | Found Iba Peq's Antique Armour Shop.
 26035 | Orc:2    | Reached ****** piety under Vehumet
 26035 | Orc:2    | Offered knowledge of Conjure Ball Lightning by Vehumet.
 26046 | Orc:2    | Found Fuvaetuc's Assorted Antiques.
 26054 | Orc:2    | Bought a glowing helmet for 262 gold pieces
 26054 | Orc:2    | Bought a scroll labelled EZOATWITRE for 35 gold pieces
 26054 | Orc:2    | Bought a scroll labelled ZIEDETTALEU for 35 gold pieces
 26054 | Orc:2    | Bought a scroll of blinking for 262 gold pieces
 26054 | Orc:2    | Bought a scroll of teleportation for 105 gold pieces
 26231 | Orc:2    | Found a transporter.
 26235 | Orc:2    | Noticed Shard1697's ghost (journeyman HuFi)
 26295 | Orc:2    | Found a transporter.
 26364 | Orc:2    | Found a staircase to the Elven Halls.
 27056 | Swamp:1  | Entered Level 1 of the Swamp
 27432 | Swamp:1  | Noticed Jorgrun
 27445 | Swamp:1  | Killed Jorgrun
 27446 | Swamp:1  | Reached skill level 10 in Air Magic
 27805 | Swamp:1  | Noticed Roxanne
 28056 | Swamp:1  | Killed Roxanne
 28365 | Swamp:1  | Identified the +0 ring mail of Yesterday {MP+9 Int+3 Dex+2
                  | Slay+3}
 28577 | Swamp:1  | Got the Compendium of Reanimation Made Easy
 29275 | Orc:2    | Bought a pair of gloves for 130 gold pieces
 29741 | Swamp:2  | Noticed Frances
 29745 | Swamp:2  | Killed Frances
 29899 | Swamp:2  | Lost mutation: You have large cloven feet. [potion of
                  | mutation]
 29899 | Swamp:2  | Lost mutation: You are dopey. (Int -2) [potion of mutation]
 29899 | Swamp:2  | Lost mutation: You occasionally lose the ability to read
                  | scrolls when taking damage. [potion of mutation]
 29899 | Swamp:2  | Gained mutation: You occasionally lose the ability to read
                  | scrolls when taking damage. [potion of mutation]
 29899 | Swamp:2  | Gained mutation: You are somewhat resistant to further
                  | mutation. [potion of mutation]
 29899 | Swamp:2  | Gained mutation: Your flesh is cold resistant. (rC+)
                  | [potion of mutation]
 29909 | Swamp:2  | Identified the +0 leather armour of Osuhe {rElec Dex+6}
 30320 | Swamp:3  | Reached XP level 17. HP: 128/128 MP: 21/30
 30652 | Swamp:3  | Offered knowledge of Spellforged Servitor by Vehumet.
 30661 | Swamp:3  | Learned a level 7 spell: Spellforged Servitor
 31443 | Swamp:4  | Entered Level 4 of the Swamp
 31909 | Swamp:4  | Noticed a thorn hunter
 32020 | Swamp:4  | Killed a thorn hunter
 32690 | Swamp:4  | Reached skill level 1 in Summonings
 32933 | Swamp:4  | Got a decaying rune of Zot
 33274 | Swamp:4  | Reached skill level 5 in Summonings
 33406 | Swamp:4  | Offered knowledge of Arcjolt by Vehumet.
 33602 | Swamp:4  | Noticed a thorn hunter
 33670 | Swamp:4  | Killed a thorn hunter
 34469 | Snake:1  | Entered Level 1 of the Snake Pit
 34472 | Snake:1  | Reached XP level 18. HP: 134/134 MP: 20/31
 36594 | Snake:2  | Reached skill level 10 in Summonings
 38588 | Snake:3  | Reached skill level 10 in Spellcasting
 39304 | Snake:3  | Offered knowledge of Eringya's Noxious Bog by Vehumet.
 39450 | Snake:4  | Entered Level 4 of the Snake Pit
 39469 | Snake:4  | Noticed Kirke
 39472 | Snake:4  | Noticed Aizul
 39481 | Snake:3  | Killed Kirke
 40132 | Snake:4  | Killed Aizul
 40990 | Snake:4  | Reached XP level 19. HP: 140/140 MP: 22/34
 41227 | Snake:4  | Reached skill level 15 in Conjurations
 41277 | Snake:4  | Found Oteoll's General Store.
 41280 | Snake:4  | Bought the +2 pair of boots "Evve" {Will+} for 379 gold
                  | pieces
 41280 | Snake:4  | Bought a potion of haste for 140 gold pieces
 43243 | Snake:4  | Got a serpentine rune of Zot
 43997 | D:14     | Identified the +3 leather armour of Ydwinein {SInv}
 44297 | D:15     | Entered Level 15 of the Dungeon
 44576 | D:15     | Offered knowledge of Shatter by Vehumet.
 44576 | D:15     | Offered knowledge of Chain Lightning by Vehumet.
 44576 | D:15     | Offered knowledge of Maxwell's Capacitive Coupling by
                  | Vehumet.
 45405 | D:15     | Found a portal to a secret trove of treasure.
 45420 | D:15     | You paid a toll of 5 scrolls of fog to enter a treasure
                  | trove
 45421 | Trove    | Entered a treasure trove
 45424 | Trove    | Found the +4 moon troll leather armour {Spirit, Regen++
                  | MP+5}
 45425 | Trove    | Identified the +4 ring mail of Uhofe {rCorr Str+8 Int-2}
 45427 | Trove    | Identified the +0 pair of boots of Fedhas's Benevolence
                  | {Fly Dex+4}
 45441 | Trove    | Identified the scarf "Bicem" {shadows, rN++}
 45444 | Trove    | Identified the +0 ring mail of Wigomuiq {rC- rN+ Dex+4}
 45445 | Trove    | Identified the +1 helmet of the Pits of Slime {*Corrode
                  | rPois Str+3}
 45658 | D:15     | Found a staircase to the Depths.
 45831 | Vaults:1 | Entered Level 1 of the Vaults
 46252 | Vaults:1 | Noticed Zenata
 46259 | Vaults:1 | Killed Zenata
 46260 | Vaults:1 | Reached XP level 20. HP: 100/153 MP: 20/35
 46293 | Vaults:1 | Found a crumbling gateway.
 46412 | Desolati | Entered the Desolation of Salt
 46767 | Desolati | Got Sif Muna's Codex of Composition
 46769 | Desolati | Got the Annotations on the Congealing Coals
 46770 | Desolati | Identified the +7 ring mail of Joy {Contam Rampage Str+3}
 46928 | Desolati | Learned a level 8 spell: Lehudib's Crystal Spear
 47123 | Desolati | Found the +8 storm bow {elec, penet}
 47123 | Desolati | Found the +4 consecrated labrys {holy, Valiant Fragile Fly
                  | SInv}
 47124 | Desolati | Found the +5 scythe "Finisher" {speed, execute}
 47256 | Desolati | Got Sif Muna's Papyrus of the Mutagenic Maleficium
 47318 | Desolati | Reached skill level 12 in Earth Magic
 47774 | Desolati | Got Yxtem's Almanac of Roasted Movement
 47941 | Desolati | Got Niodiaf's Catalogue of Intoxicating Gusts
 47972 | Desolati | Reached skill level 13 in Earth Magic
 47976 | Desolati | Identified the ring "Piasa" {rF+ Str+3 Dex+6}
 47979 | Desolati | Got the Codex of the Crushed Nightmares
 49038 | Vaults:1 | Reached skill level 14 in Earth Magic
 49092 | Vaults:1 | Identified the +2 shortbow of Vynumeoc {drain, rN+}
 50380 | Vaults:1 | Found Ruep's General Store.
 50389 | Vaults:1 | Bought a potion of resistance for 130 gold pieces
 50389 | Vaults:1 | Bought a scroll of teleportation for 39 gold pieces
 50872 | Vaults:2 | Found a magical portal.
 50877 | WizLab   | Entered Tukima's Studio
 51034 | WizLab   | Reached XP level 21. HP: 159/159 MP: 27/36
 51133 | WizLab   | Reached skill level 15 in Earth Magic
 51641 | Vaults:2 | Noticed Margery
 51643 | Vaults:2 | Killed Margery
 51644 | Vaults:2 | Reached skill level 16 in Earth Magic
 52117 | Vaults:2 | Reached skill level 17 in Earth Magic
 53137 | Vaults:2 | Noticed Bai Suzhen
 53143 | Vaults:2 | Killed Bai Suzhen
 53464 | Vaults:2 | Found a staircase to the Crypt.
 53847 | Vaults:3 | Reached XP level 22. HP: 172/172 MP: 36/37
 55289 | Vaults:3 | Reached skill level 10 in Dodging
 56614 | Vaults:4 | Found Geuschih's Assorted Antiques.
 56622 | Vaults:4 | Bought a scroll of enchant armour for 172 gold pieces
 57250 | Vaults:4 | Identified the +1 falchion of Giowkuo {freeze, rElec rC+
                  | Dex-3}
 57936 | Depths:1 | Entered Level 1 of the Depths
 58013 | Depths:1 | Found a one-way gate leading to the halls of Pandemonium.
 58293 | Depths:1 | Found a white marble altar of Elyvilon.
 58862 | Depths:1 | Found a gateway to Hell.
 58911 | Depths:1 | Reached XP level 23. HP: 178/178 MP: 35/39
 59175 | Depths:1 | Reached skill level 18 in Earth Magic
 59279 | Depths:1 | Found a hazy altar of Hepliaklqana.
 59680 | Depths:2 | Noticed a caustic shrike
 59684 | Depths:2 | Noticed a caustic shrike
 59684 | Depths:2 | Noticed a caustic shrike
 59685 | Depths:2 | Killed a caustic shrike
 59685 | Depths:2 | Noticed a caustic shrike
 59692 | Depths:2 | Killed a caustic shrike
 59696 | Depths:2 | Killed a caustic shrike
 59697 | Depths:2 | Killed a caustic shrike
 59877 | Depths:2 | Learned a level 9 spell: Shatter
 59923 | Depths:2 | Reached skill level 19 in Earth Magic
 59966 | Depths:2 | Noticed a golden dragon
 59971 | Depths:2 | Killed a golden dragon
 60052 | Depths:2 | Acquired the +0 buckler "Rimases" {+Blink Will+ Str+2
                  | Dex+6}
 60074 | Depths:2 | Identified the +10 shortbow "Ecibiuss" {heavy, Str+4}
 60622 | Depths:2 | Identified the +3 spear of Harmony {protect, +Blink}
 60680 | Depths:2 | Found Baul's Jewellery Emporium.
 60681 | Depths:2 | Found Boliaqoo's Book Shop.
 60682 | Depths:2 | Found Fiuvoh's Jewellery Emporium.
 60692 | Depths:2 | Bought the ring of Daettibut {rElec rPois Int+6 Dex+2
                  | Slay-4} for 707 gold pieces
 61643 | Depths:3 | Reached skill level 20 in Earth Magic
 62365 | Depths:3 | Found a one-way gateway to a ziggurat.
 63224 | Depths:3 | Found a one-way gate to the infinite horrors of the Abyss.
 63441 | Depths:3 | Identified the +0 great sword "Ecoik" {spect, rF- rN++
                  | rCorr Str+3}
 63635 | Depths:4 | Entered Level 4 of the Depths
 63811 | Depths:4 | Reached skill level 21 in Earth Magic
 63847 | Depths:4 | Reached XP level 24. HP: 178/185 MP: 15/39
 64757 | Depths:4 | Identified the staff of Instinct {rPois rF+ Str+3 Fire}
 65119 | Depths:4 | Found a gate to the Realm of Zot.
 65422 | Hell     | Entered the Vestibule of Hell
 65422 | Hell     | Noticed Geryon
 65430 | Hell     | Reached skill level 22 in Earth Magic
 65546 | Hell     | Killed Geryon
 65805 | Hell     | Found a gateway to the decaying netherworld of Tartarus.
 66004 | Hell     | Reached skill level 23 in Earth Magic
 66193 | Hell     | Found a gateway to the Iron City of Dis.
 66279 | Hell     | Found a gateway to the ashen valley of Gehenna.
 66390 | Hell     | Found a gateway to the freezing wastes of Cocytus.
 66793 | Elf:1    | Entered Level 1 of the Elven Halls
 67250 | Elf:1    | Paralysed by an air elemental for 1 turns
 67604 | Elf:1    | Found Cekhampu's Book Emporium.
 68308 | Elf:2    | Reached XP level 25. HP: 191/191 MP: 35/41
 68312 | Elf:2    | Found a runed translucent gate.
 68313 | Elf:2    | Found a runed translucent gate.
 68314 | Elf:2    | Found a runed translucent gate.
 68314 | Elf:2    | Noticed Teqapn's ghost (veteran FoMo)
 68324 | Elf:2    | Paralysed by an air elemental for 1 turns
 68348 | Elf:2    | Found a frozen archway.
 68406 | IceCv    | Entered an ice cave
 69020 | IceCv    | Reached skill level 15 in Fighting
 69164 | IceCv    | Found the +8 frozen axe "Frostbite" {freeze, freezing
                  | cloud, *Noise Fly rC+}
 69172 | IceCv    | Identified the staff "Ojireha" {rPois Str-2 Dex+4 Poison}
 69453 | Elf:2    | Reached skill level 1 in Shields
 70245 | Elf:2    | Found a huge runed translucent gate.
 70245 | Elf:2    | Found a huge runed translucent gate.
 70245 | Elf:2    | Found a huge runed translucent gate.
 70246 | Elf:2    | Found a huge runed translucent gate.
 70248 | Elf:2    | Found a huge runed translucent gate.
 70286 | Elf:2    | Found a shimmering blue altar of Sif Muna.
 70506 | Elf:3    | Entered Level 3 of the Elven Halls
 70641 | Elf:3    | Reached skill level 5 in Shields
 71186 | Elf:3    | Found Qarushin's Weapon Boutique.
 71377 | Elf:3    | Identified the +2 long sword of Nemelex Xobeh, Hugging
                  | {elec, rElec rC++}
 71919 | Elf:3    | Identified the +6 rapier "Afrapet" {flame, Will+ Str+3}
 72001 | Elf:3    | Identified the +2 flail of Extremism {antimagic, Int+4}
                  | (You took it off a deep elf demonologist on level 3 of the
                  | Elven Halls)
 72021 | Elf:3    | Identified the staff of the Last Nightingales {Will++ rCorr
                  | SInv Stlth- Conj}
 72024 | Elf:3    | Got the Elucidation of the Creeping Dose
 72664 | Vaults:5 | Entered Level 5 of the Vaults
 72670 | Vaults:5 | Noticed an ancient lich
 72672 | Vaults:5 | Killed an ancient lich
 72673 | Vaults:5 | Reached XP level 26. HP: 208/208 MP: 37/41
 72676 | Vaults:5 | Paralysed by a sphinx for 2 turns
 72694 | Vaults:5 | Noticed Mara
 72702 | Vaults:5 | Killed Mara
 73770 | Vaults:5 | Noticed a dread lich
 73772 | Vaults:5 | Killed a dread lich
 74080 | Vaults:5 | Identified the +0 pair of gloves of Crawling {rN+}
 74104 | Vaults:5 | Identified the +11 whip "Ultimatum" {venom, Int+2}
 74107 | Vaults:5 | Got the Precepts of Accomplices and Jinxing
 74108 | Vaults:5 | Identified the +1 spear "Akhle" {heavy, rPois rCorr Dex+5}
 74598 | Vaults:5 | Identified the amulet "Vuafi" {Reflect Slay+5 SH+5}
 74920 | Vaults:5 | Noticed a dread lich
 74922 | Vaults:5 | Found the +10 tower shield of Ignorance {rN+ Int-4}
 74922 | Vaults:5 | Identified the +4 longbow of Gaitor {freeze, rF- Will+++
                  | rCorr Str-2}
 74923 | Vaults:5 | Killed a dread lich
 75011 | Vaults:5 | Got a silver rune of Zot
 75012 | Vaults:5 | Identified the +6 battleaxe "Gonin" {pain, rCorr}
 75154 | Vaults:5 | Identified the +3 scale mail of Liasmohe {Harm Rampage
                  | Regen+ Dex-5}
 75602 | Zot:1    | Entered Level 1 of the Realm of Zot
 75604 | Zot:1    | Noticed Parghit
 75611 | Zot:1    | Killed Parghit
 76074 | Zot:2    | Reached XP level 27. HP: 207/224 MP: 8/41
 76648 | Zot:5    | Entered Level 5 of the Realm of Zot
 76664 | Zot:5    | Reached skill level 10 in Evocations
 76803 | Zot:5    | Found Soeje's Changing Room.
 77172 | Zot:5    | Noticed a Killer Klown
 77180 | Zot:5    | Noticed an orb of fire
 77184 | Zot:5    | Killed an orb of fire
 77535 | Zot:5    | Killed a Killer Klown
 77632 | Zot:5    | Noticed an orb of fire
 77636 | Zot:5    | Killed an orb of fire
 78121 | Zot:4    | Reached skill level 15 in Spellcasting
 78614 | Zot:5    | Noticed a dread lich
 78618 | Zot:5    | Killed a dread lich
 78633 | Zot:5    | Noticed a Killer Klown
 78636 | Zot:5    | Killed a Killer Klown
 78792 | Zot:5    | Noticed an ancient lich
 78794 | Zot:5    | Killed an ancient lich
 78835 | Zot:5    | Noticed an orb of fire
 78841 | Zot:5    | Killed an orb of fire
 79016 | Zot:5    | Found the +3 Mad Mage's Maulers {Infuse+∞ VampMP -Cast}
 79031 | Zot:5    | Noticed a dread lich
 79033 | Zot:5    | Killed a dread lich
 79160 | Zot:5    | Noticed a dread lich
 79162 | Zot:5    | Killed a dread lich
 79238 | Zot:5    | Reached skill level 15 in Dodging
 79375 | Zot:5    | Noticed an orb of fire
 79382 | Zot:5    | Killed an orb of fire
 82507 | Zot:5    | Noticed an orb of fire
 82507 | Zot:5    | Noticed a Killer Klown
 82529 | Zot:5    | Killed an orb of fire
 82530 | Zot:5    | Killed a Killer Klown
 82684 | Zot:5    | Noticed a dread lich
 82687 | Zot:5    | Killed a dread lich
 83042 | Zot:5    | Got the Orb of Zot
 83295 | D:12     | Noticed Kusudgh the pandemonium lord
 83426 | D:4      | Noticed Nyfar the pandemonium lord
 83473 | D:$      | Escaped with the Orb!

Illustrated notes

Levels and vault maps discovered:
D:1:      mrwooster_arrival_statue, layout_loops_ring, supply_closet_lemuel
D:2:      layout_basic
D:3:      layout_loops_ring
D:4:      layout_cave_pools, minmay_temple_entry_steel_oval,
          serial_column_ruins, column_ruins_hut, column_ruins_columns_dead_end,
          column_ruins_grid_1, column_ruins_open_tiny, column_ruins_open_small,
          column_ruins_open_small, column_ruins_grid_1
D:5:      layout_basic, chequers_hall_statues_y, uniq_blork_the_orc
D:6:      layout_loops_ring, trog_three_pillars_becter,
          nicolae_ossuary_entry_giza
D:7:      layout_rooms, kennysheep_generic_room_8
D:8:      layout_cave_pools, amcnicky_altar_gilded, lemuel_doored_altar,
          slow_altar_1, mainiacjoe_overflow_swirl, serial_co_window_serial,
          co_window_corner_a, co_window_paths_a, co_window_cross_1,
          co_window_paths_b, co_window_paths_b, co_window_of_opportunity_a,
          co_window_paths_a, co_window_paths_b, co_window_cross_1,
          co_window_2corner, co_window_broadway_a, co_window_unsneaky_path_a,
          co_window_2corner, co_window_of_opportunity_b, glass_columns_b,
          glass_columns_b, glass_columns_c
D:9:      layout_cross, mainiacjoe_overflow_small_starburst, minivault_25_ag
D:10:     layout_basic, evilmike_ruin_ashenzari, lair_entry_dummy,
          enter_bailey_5, uniq_grum
D:11:     gammafunk_beogh_shrine, layout_cave_pools, serial_rivers,
          chequers_serial_rivers_small_3, chequers_serial_rivers_micro_b,
          chequers_serial_rivers_room_a, chequers_serial_rivers_micro_e
D:12:     layout_long_grid, orc_0_dummy, nicolae_fort_ynox, uniq_psyche
D:13:     layout_basic, grunt_vaults_entry_fortified, kiku_gazebo_garden_becter
D:14:     layout_basic, hex_medium
D:15:     grunt_enter_depths_hoard, layout_basic, enter_trove_1
Temple:   nicolae_temple_superstar
Lair:1:   layout_long_grid, uniq_harold
Lair:2:   layout_small_grid, alex1729_swamp_entry_worm_eleionoma,
          alex1729_snake_entry_snake, serial_bayou_shore_a
Lair:3:   layout_regular_city, hangedman_lair_generics_rect, uniq_josephine,
          uniq_rupert, uniq_fannar
Lair:4:   nzn_winding_woodlands_cross [nzn_winding_woodlands_5x15_crooked,
          nzn_winding_woodlands_5x15_pockets,
          nzn_winding_woodlands_5x15_concentric,
          nzn_winding_woodlands_5x15_pathside_ponds,
          nzn_winding_woodlands_15x15_thick_spiral], layout_hall_layers,
          nicolae_volcano_entry_two_sided, serial_bayou_pond_b,
          infiniplex_staircase_pool
Lair:5:   minmay_lair_end_enchanted_forest, layout_regular_city, slime_entry_1,
          nicolae_lair_run_with_the_wolves
Swamp:1:  layout_basic_swamp, evilmike_swamp_ruin_house_5,
          nicolae_swamp_necromancy_gone_wrong, uniq_roxanne, uniq_jorgrun
Swamp:2:  layout_basic_swamp, serial_swamp_ruin, evilmike_swamp_ruin_house_1,
          evilmike_swamp_ruin_rubble_2, evilmike_swamp_ruin_house_3,
          uniq_frances
Swamp:3:  layout_falls_marsh, nicolae_swamp_rocky_clearing, swamp_pool4,
          hangedman_swamp_phenomena, infiniplex_staircase_pool_2
Swamp:4:  swamp_alternative, layout_basic_swamp, hangedman_swamp_dais
Snake:1:  layout_rooms, lemuel_fruit_tree
Snake:2:  layout_cave_pods, grunt_megastairs_3
Snake:3:  layout_cave_town
Snake:4:  johnstein_snake_rune_scales, layout_misc_corridors, serial_shops,
          nicolae_shop_real_fake_doors, grunt_ministairs_3, uniq_kirke,
          uniq_aizul
Orc:1:    layout_caves, uniq_snorg
Orc:2:    st_orc_open, layout_caves, serial_shops, shop,
          nicolae_shop_waterfront, gammafunk_ghost_arena
Elf:1:    layout_geoelf_grid, serial_shops, shop, minivault_28,
          grunt_megastairs_4
Elf:2:    elven_hall_of_blades_hangedman_alternative
          [nicolae_blade_entry_hurt_lockers], layout_gridlike,
          ebering_ghost_rock_garden, portal_ice_cave_entry_ice_statue_two,
          basic_altar
Elf:3:    grunt_elf_hall_branching, layout_geoelf_diagonals, serial_shops,
          nicolae_shop_tiny_statue_garden
Vaults:1: portal_desolation_entry_twin_temple, nicolae_vaults_closet_pinwheel_3,
          nicolae_vaults_three_branches, nicolae_vaults_trapezoid_1,
          nicolae_vaults_more_shelving_1, nicolae_vaults_alarming,
          vaults_room_hangedman_quadrants, nicolae_vaults_mini_display_case,
          layout_vaults_chaotic_city, serial_shops,
          nicolae_shop_window_shopping, uniq_zenata
Vaults:2: infiniplex_enter_wizlab_spiral, nicolae_vaults_steering_wheel,
          nicolae_vaults_murder_corner, nicolae_vaults_network_barrier,
          minmay_crypt_entry_simple_statues, hangedman_vaults_trim,
          nicolae_vaults_closet_pinwheel_3, vaults_room_grunt_arrival_ludios,
          nicolae_vaults_network_quinsquares
          [nicolae_vaults_network_quincunx_subvault,
          nicolae_vaults_network_quincunx_subvault,
          nicolae_vaults_network_quincunx_subvault,
          nicolae_vaults_network_quincunx_subvault],
          nicolae_vaults_little_squares_4, layout_vaults_omnicross,
          uniq_bai_suzhen, uniq_margery
Vaults:3: ontoclasm_vaults_loading_screen, nicolae_vaults_six-pack,
          vaults_room_corners, nicolae_vaults_variable_pillar_hall,
          nicolae_vaults_double_plus_2, v_misc_12, vaults_room_hallway,
          vaults_room_fours, v_rooms_2, nicolae_vaults_frosty_reception,
          nicolae_vaults_diagonal_hallway_7, layout_vaults_omnigrid
Vaults:4: nicolae_vaults_tetromino_T_2, grunt_vaults_swirl, vaults_dpeg_cross,
          nicolae_vaults_sightless_eye, nicolae_vaults_stairing_the_circle,
          hangedman_vaults_corner_blocks, v_misc_10, hangedman_vaults_stitches,
          nicolae_vaults_swerve, nicolae_vaults_sealed_display,
          nicolae_vaults_trapezoid_2, nicolae_vaults_diagonal_hallway_9,
          v_misc_15, nicolae_vaults_cochlea, nicolae_vaults_circle_grid_b,
          layout_vaults_omnibox, serial_shops, nicolae_shop_crystal
Vaults:5: serial_shops, uniq_mara
Depths:1: layout_honeycomb, hangedman_tar_grid_catacomb, rand_demon_pan_entry_3,
          elyvilon_altar_5, nicolae_hepliaklqana_hippocampus
Depths:2: minmay_containers, layout_cave_pools, hell_entry,
          rand_demon_pan_entry_5, chequers_serial_rivers_room_b,
          minmay_shop_grove, infiniplex_staircase_pillars_2, firewood_loft
Depths:3: nooodl_glass_maze, layout_long_grid, enter_ziggurat_a,
          hangedman_abyss_entry_splay, hellmouth_3, serial_co_window_serial,
          co_window_corner_a, co_window_paths_a, co_window_paths_b,
          co_window_paths_a, co_window_paths_a, co_window_unsneaky_path_c,
          co_window_corner_b, co_window_corner_b, co_window_2corner,
          co_window_cross_2, glass_columns_c, glass_columns_c, glass_columns_c,
          glass_columns_a, glass_columns_a, minmay_misc_feat_diagonals
Depths:4: grunt_zot_entry_funnels, layout_twisted_cross, abyss_entry_crystal,
          pf_coc_iceberg
Hell
Zot:1:    layout_concentric_octagons, uniq_parghit
Zot:2:    layout_onion_interference, grunt_ministairs_3
Zot:3:    layout_misc_corridors
Zot:4:    layout_misc_corridors, ebering_ghost_reflecting_pool
Zot:5:    layout_misc_corridors, nicolae_transmutations_shop

Skill      XL: |  1  2  3  4  5  6  7  8  9 10 11 12 13 14 15 16 17 18 19 20 21 22 23 24 25 26 27 |
---------------+----------------------------------------------------------------------------------+-----
Spellcasting   | 3 4 5 7 9 11 12 14 16 | 16.0
Earth Magic    | 4 5 6 7 9 11 14 17 21 23 | 23.0
Conjurations   | 3 5 8 10 11 14 17 | 17.0
Fighting       | 4 6 7 8 10 12 14 17 19 20 | 20.0
Evocations     | 2 5 8 12 | 12.0
Fire Magic     | 4 5 6 8 11 | 11.1
Translocations | 4 |  4.0
Dodging        | 5 8 11 12 14 17 | 17.0
Armour         | 5 6 8 |  8.5
Staves         | 4 6 |  6.0
Air Magic      | 5 11 | 11.0
Summonings     | 7 11 | 11.0
Shields        | 5 |  5.0
Stealth        | |  2.0
Transmutations | |  1.0

Action                     |  1- 3 |  4- 6 |  7- 9 | 10-12 | 13-15 | 16-18 | 19-21 | 22-24 | 25-27 || total
---------------------------+-------+-------+-------+-------+-------+-------+-------+-------+-------++-------
  Melee: Dagger            |    13 |       |       |       |       |       |       |       |       ||    13
         Short sword       |       |    19 |    12 |       |       |       |       |       |       ||    31
         Staff             |       |       |    11 |    38 |   194 |   110 |   152 |    65 |   110 ||   680
         Punch             |       |       |     1 |     1 |     2 |       |       |       |       ||     4
   Cast: Sandblast         |    50 |    62 |   117 |    80 |    13 |    12 |       |       |       ||   334
         Stone Arrow       |       |     2 |    45 |   189 |   241 |    20 |       |       |       ||   497
         Blink             |       |       |       |     1 |       |     2 |     1 |       |       ||     4
         Flame Wave        |       |       |       |     5 |    39 |     6 |       |       |       ||    50
         Sticky Flame      |       |       |       |     4 |    33 |     3 |       |       |       ||    40
         Leda's Unmaking   |       |       |       |       |    63 |   393 |   315 |    54 |    20 ||   845
         Plasma Beam       |       |       |       |       |       |   133 |    35 |    32 |       ||   200
         Spellforged Servi |       |       |       |       |       |       |    71 |    53 |    31 ||   155
         Lehudib's Crystal |       |       |       |       |       |       |    24 |   118 |   105 ||   247
         Shatter           |       |       |       |       |       |       |       |   143 |   290 ||   433
  Evoke: Wand              |       |       |     1 |       |       |       |     3 |       |    12 ||    16
         Tin of tremorston |       |       |       |       |       |       |     1 |       |       ||     1
         Phantom mirror    |       |       |       |       |       |       |       |     1 |       ||     1
    Use: Scroll            |     1 |     6 |    11 |     3 |     7 |     4 |     4 |     4 |     7 ||    47
         Potion            |       |       |     1 |       |     8 |     1 |       |     1 |     3 ||    14
   Stab: Sleeping          |       |     1 |       |       |       |       |       |       |       ||     1
         Distracted        |       |       |       |       |     1 |       |     5 |     6 |     2 ||    14
 Armour: Robe              |       |     6 |    18 |       |       |       |       |       |       ||    24
         Ring mail         |       |       |     3 |    19 |       |       |       |       |       ||    22
         Acid dragon scale |       |       |       |    34 |   120 |    61 |       |       |       ||   215
         Swamp dragon scal |       |       |       |       |       |    77 |    36 |       |       ||   113
         Troll leather arm |       |       |       |       |       |       |    90 |    83 |    54 ||   227
  Dodge: Dodged            |    22 |    31 |    58 |   114 |   366 |   248 |   210 |   187 |   122 ||  1358
  Block: Other             |       |       |       |    34 |    62 |       |       |       |       ||    96
         Reflection        |       |       |       |     1 |     7 |     3 |    11 |     5 |    13 ||    40
         Buckler           |       |       |       |       |    96 |       |       |     9 |    59 ||   164
         Orb               |       |       |       |       |     4 |    64 |    50 |    45 |     5 ||   168

Table legend: (Time is in decaauts)
 A = Elapsed time spent in this place.
 B = Non-inter-level travel time spent in this place.
 C = Inter-level travel time spent in this place.
 D = Time resting spent in this place.
 E = Time spent auto-exploring this place.
 F = Levels seen in this place.
 G = Mean time per level.
                   A        B        C        D        E       F      G
               +--------+--------+--------+--------+--------+-----+--------+
         Total |  84109 |  77874 |   6235 |  39701 |  24792 |  56 | 1501.9 |
       Dungeon |  19611 |  16906 |   2705 |   6596 |   7506 |  15 | 1307.4 |
        Temple |     43 |      3 |     40 |      0 |      0 |   1 |   43.0 |
          Lair |  10771 |  10141 |    630 |   5149 |   3115 |   5 | 2154.2 |
         Swamp |   7230 |   6903 |    327 |   3975 |   1982 |   4 | 1807.5 |
     Snake Pit |   8263 |   7984 |    279 |   4922 |   2098 |   4 | 2065.8 |
  Orcish Mines |   2092 |   1774 |    318 |    729 |    688 |   2 | 1046.0 |
   Elven Halls |   4310 |   3994 |    316 |   1647 |   1859 |   3 | 1436.7 |
        Vaults |  11745 |  10811 |    934 |   5271 |   3799 |   5 | 2349.0 |
        Depths |   9324 |   8827 |    497 |   5047 |   2655 |   4 | 2331.0 |
          Hell |    709 |    685 |     24 |    114 |    467 |   1 |  709.0 |
           Zot |   4708 |   4546 |    162 |   3355 |    131 |   5 |  941.6 |
         Trove |     53 |     53 |      0 |      0 |      0 |   1 |   53.0 |
       Ossuary |    538 |    538 |      0 |    287 |      0 |   1 |  538.0 |
        Bailey |    603 |    603 |      0 |    298 |     16 |   1 |  603.0 |
      Ice Cave |   1041 |   1041 |      0 |    412 |    357 |   1 | 1041.0 |
       Volcano |    417 |    417 |      0 |    245 |      0 |   1 |  417.0 |
        Wizlab |    697 |    697 |      0 |    483 |      0 |   1 |  697.0 |
    Desolation |   1944 |   1944 |      0 |   1168 |    117 |   1 | 1944.0 |
               +--------+--------+--------+--------+--------+-----+--------+

Top non-repeatable levels by time:
  Lair:2: 3048 daAuts
Vaults:4: 2998 daAuts
 Snake:3: 2938 daAuts
 Snake:4: 2923 daAuts
Vaults:1: 2821 daAuts
Depths:4: 2591 daAuts
Vaults:2: 2576 daAuts
Depths:3: 2539 daAuts
   Zot:5: 2381 daAuts
Depths:2: 2369 daAuts
  Lair:4: 2281 daAuts
    D:13: 2211 daAuts
 Swamp:3: 2206 daAuts
  Lair:5: 2178 daAuts
Vaults:3: 2013 daAuts
